 Dungeon Crawl Stone Soup version 0.30.1-9-gdf580d7c3d (webtiles) character file.

Game seed: 9895695099389693456

2877 Atelerd the Covert (level 9, -2/47 HPs)
             Began as an Octopode Earth Elementalist on Sept 24, 2023.
             Was a Priest of Sif Muna.
             Slain by a two-headed ogre
             ... wielding a +0 giant spiked club
              (31 damage)
             ... on level 8 of the Dungeon.
             The game lasted 00:12:37 (8178 turns).

Atelerd the Covert (Octopode Earth Elementalist)    Turns: 8178, Time: 00:12:38

Health: -2/47      AC:  1    Str: 14    XL:     9   Next: 76%
Magic:  11/19      EV: 19    Int: 19    God:    Sif Muna [***...]
Gold:   255        SH:  0    Dex: 12    Spells: 16/21 levels left

rFire   . . .        n - +1 dagger (venom)
rCold   + . .        (no shield)
rNeg    . . .        (helmet restricted)
rPois   +            (no amulet)
rElec   .            m - ring of poison resistance
rCorr   .            d - +5 ring of evasion
SInv    .            t - ring of protection from cold
Will    +....        F - ring of willpower
Stlth   +++++        G - ring of wizardry
HPRegen 0.27/turn    K - +6 ring of strength
MPRegen 0.16/turn    (no ring)
                     (no ring)

%: wizardry (x1)
@: no status effects
A: almost no armour, amphibious, 8 rings, camouflage 1, gelatinous body 1,
(nimble swimmer 1), tentacles, clumsy 1, frail 1
a: Renounce Religion, Channel Magic, Forget Spell


You were on level 8 of the Dungeon.
You worshipped Sif Muna.
Sif Muna was most pleased with you.
You visited 1 branch of the dungeon, and saw 8 of its levels.
You also visited: Ossuary.

You collected 585 gold pieces.
You spent 330 gold pieces at shops.

Inventory:

Hand Weapons
 n - a +1 dagger of venom (weapon)
Magical Staves
 i - a staff of air
Jewellery
 d - a +5 ring of evasion (right tentacle)
 m - a ring of poison resistance (left tentacle)
 t - a ring of protection from cold (on tentacle)
 F - a ring of willpower (on tentacle)
 G - a ring of wizardry (on tentacle)
 K - a +6 ring of strength (on tentacle)
Wands
 r - a wand of flame (3)
 J - a wand of digging (5)
Scrolls
 c - 2 scrolls of fear
 e - 3 scrolls of poison {unknown}
 h - a scroll of fog
 k - 4 scrolls of magic mapping {unknown}
 l - 4 scrolls of vulnerability
 o - 2 scrolls of amnesia
 s - 3 scrolls of teleportation {unknown}
 w - 2 scrolls of enchant armour {unknown}
 y - 2 scrolls of brand weapon {unknown}
 H - 2 scrolls of identify
 I - a scroll of enchant weapon
Potions
 a - 2 potions of magic
 f - a potion of degeneration {unknown}
 g - a potion of cancellation
 p - 5 potions of attraction {unknown}
 q - 3 potions of brilliance {unknown}
 u - 3 potions of curing {unknown}
 v - a potion of might {unknown}
 x - 3 potions of heal wounds
 z - a potion of lignification {unknown}
 A - 2 potions of flight {unknown}
 B - a potion of experience {unknown}
 C - 4 potions of haste {unknown}
 D - a potion of berserk rage {unknown}
 E - a potion of resistance {unknown}


   Skills:
 - Level 1.0 Fighting
 - Level 1.0 Short Blades
 - Level 4.0 Dodging
 + Level 8.9 Stealth
 + Level 6.9 Spellcasting
 - Level 4.0 Transmutations
 - Level 2.0 Air Magic
 + Level 6.8 Earth Magic
 - Level 3.0 Invocations
 - Level 1.0 Evocations


You had 16 spell levels left.
You knew the following spells:

 Your Spells              Type           Power      Damage    Failure   Level
a - Sandblast             Erth           64%        2d14      1%          1
p - Petrify               Tmut/Erth      27%        N/A       4%          4

Your spell library contained the following spells:

 Spells                   Type           Power      Damage    Failure   Level
 Passwall                 Tmut/Erth      22%        N/A       1%          2
 Stone Arrow              Conj/Erth      38%        3d9       3%          3
 Magic Dart               Conj           24%        1d4       4%          1
 Necrotise                Necr           24%        1d5       4%          1
 Searing Ray              Conj           12%        2d4       6%          2
 Gell's Gravitas          Tloc           6%         N/A       12%         3
 Teleport Other           Tloc           6%         N/A       12%         3
 Vampiric Draining        Necr           6%         2d6       12%         3
 Cause Fear               Hex            3%         N/A       38%         4
 Fulminant Prism          Conj/Hex       3%         3d5       38%         4
 Agony                    Necr           6%         N/A       71%         5
 Conjure Ball Lightning   Conj/Air       5%         3x3d6     98%         6
 Dispersal                Tloc           3%         N/A       99%         6
 Dragon Form              Tmut           10%        N/A       99%         7
 Discord                  Hex            3%         N/A       100%        8
 Disjunction              Tloc           3%         N/A       100%        8
 Dragon's Call            Summ           3%         N/A       100%        9


Dungeon Overview and Level Annotations

Branches:
Dungeon (8/15)             Temple (0/1) D:7         Ossuary (visited)
   Lair: D:8-11

Altars:
Fedhas
Kikubaaqudgha
Nemelex Xobeh
Qazlal
Sif Muna
Uskayaw
Yredelemnul
The Shining One

Shops:
D:5 [   D:6 =

Annotations:
D:2 exclusion: downstairs
D:3 exclusion: downstairs
D:4 exclusion: downstairs
D:5 exclusion: downstairs


Innate Abilities, Weirdness & Mutations

You cannot wear most types of armour.
You are amphibious.
You can wear up to eight rings at the same time.
Your skin changes colour to match your surroundings (Stealth+).
Your rubbery body absorbs attacks. (AC +1, EV +1)
((You are camouflaged when in or above water. (Stealth+)))
You have tentacles for arms and can constrict up to eight enemies at once.
You are clumsy. (Dex -2)
You are frail. (-10% HP)


Message History

g - Guard the area. f - Follow me.
Anything else - Cancel.
Okay, then.
(D) Dungeon (T) Temple
Where to? (Enter - D:8, ? - help)
A white imp is nearby!
Okay, then.
The blast of sand hits the white imp.
The white imp is moderately wounded.
The blast of sand hits the white imp!
You kill the white imp!
Sif Muna accepts your kill.
You can't see any susceptible monsters within range! (Use Z to cast anyway.) Magic restored.
Found a stone staircase leading down.
There is a stone staircase leading down here.
An orc and a two-headed ogre come into view.
Found a book of Geomancy.
The two-headed ogre shouts in stereo!
The orc shouts!
There are monsters nearby!
There are monsters nearby!
There are monsters nearby!
The two-headed ogre attacks as you move away!
The two-headed ogre barely misses you.
The two-headed ogre hits you with a +0 giant spiked club!!
Casting: Sandblast (safe; 1% risk of failure)
Confirm with . or Enter, or press ? or * to list all spells.
Aiming: Petrify (dangerous; 4% risk of failure)
Press: ? - help, Shift-Dir - straight line, f - two-headed ogre
Aim: a two-headed ogre, wielding two +0 giant spiked clubs (chance to affect: 40%)
The two-headed ogre resists with some effort.
Casting: Petrify (dangerous; 4% risk of failure)
Confirm with . or Enter, or press ? or * to list all spells.
Aiming: Petrify (dangerous; 4% risk of failure)
Press: ? - help, Shift-Dir - straight line, f/p - two-headed ogre
Aim: a two-headed ogre, wielding two +0 giant spiked clubs (chance to affect: 40%)
The two-headed ogre is moving more slowly.
The two-headed ogre hits you with a +0 giant spiked club!!
Ouch! That really hurt!
You die...

########.##.# #.##.#
..... #.##.# #.:..
#.##.## .... #...>.#
... #.....### ..
#.##....# .#
........#.###o#
............@O.#
...........###./.....#
...........# ##.####..
...##....... .#
####..## ## ...# ##.#
..


You could see a two-headed ogre (petrifying) and an orc.

Vanquished Creatures
  2 trolls
  Sigmund (D:3)
  2 ice beasts
  3 black bears
  5 ogres
  A centaur (D:7)
  3 bullfrogs (D:7)
  A scorpion (D:6)
  3 wights (D:7)
  2 hounds
  2 quasits (D:6)
  A crimson imp (D:4)
  2 jellies
  An orc priest (D:5)
  A scorpion zombie (D:3)
  2 sleepcaps
  8 iguanas
  An orc wizard (D:6)
  A hound zombie (D:3)
  8 mummies (Ossuary)
  8 adders
  2 shadow imps (D:6)
  5 white imps
  An ufetubus (D:4)
  4 worms
  3 dart slugs
  17 orcs
  6 endoplasms
  3 giant cockroaches
  3 gnoll zombies (Ossuary)
  3 goblins
  7 hobgoblins
  3 jackals (D:2)
  6 quokkas
  9 ball pythons
  A ball python zombie (D:3)
  2 bats (D:2)
  2 frilled lizards (D:2)
  2 goblin skeletons (D:4)
  6 hobgoblin zombies
  14 kobolds
  2 kobold skeletons (D:4)
  2 kobold zombies
  An orc skeleton (D:4)
  4 orc zombies
  A quokka zombie (D:3)
  4 rats
171 creatures vanquished.

Notes
Turn   | Place    | Note
-------+----------+-------------------------------------------
     0 | D:1      | Atelerd the Octopode Earth Elementalist began the quest for
                  | the Orb.
     0 | D:1      | Reached XP level 1. HP: 11/11 MP: 3/3
   286 | D:1      | Reached XP level 2. HP: 16/17 MP: 0/5
   685 | D:1      | Reached XP level 3. HP: 21/21 MP: 4/6
  1037 | D:2      | Found a shimmering blue altar of Sif Muna.
  1055 | D:2      | Became a worshipper of Sif Muna the Loreminder
  1518 | D:2      | Reached XP level 4. HP: 27/27 MP: 5/8
  2028 | D:3      | Noticed Sigmund
  2035 | D:3      | Learned a level 4 spell: Petrify
  2197 | D:3      | Found a basalt altar of Yredelemnul.
  2209 | D:3      | Reached XP level 5. HP: 15/31 MP: 2/9
  2214 | D:3      | Gained mutation: You are robust. (+10% HP) [potion of
                  | mutation]
  2214 | D:3      | Lost mutation: You are robust. (+10% HP) [potion of
                  | mutation]
  2214 | D:3      | Gained mutation: You are agile. (Dex +4, Str/Int -1)
                  | [potion of mutation]
  2377 | D:3      | Found a blossoming altar of Fedhas.
  2385 | D:3      | Reached * piety under Sif Muna
  2389 | D:3      | Killed Sigmund
  2390 | D:3      | Reached XP level 6. HP: 36/36 MP: 3/12
  2777 | D:3      | Found a stormy altar of Qazlal.
  3188 | D:4      | Found a glowing golden altar of the Shining One.
  3193 | D:4      | Reached skill level 3 in Stealth
  3193 | D:4      | Reached XP level 7. HP: 42/42 MP: 9/13
  3473 | D:4      | Reached skill level 1 in Fighting
  3473 | D:4      | Reached skill level 1 in Short Blades
  3936 | D:4      | Reached ** piety under Sif Muna
  4241 | D:5      | Entered Level 5 of the Dungeon
  4346 | D:5      | Found Moil's Armour Shop.
  4350 | D:5      | Noticed a +0 spear
  4350 | D:5      | Noticed a +0 short sword
  4350 | D:5      | Noticed a +0 dagger
  4351 | D:5      | Noticed a +0 falchion
  4353 | D:5      | Found an ancient bone altar of Kikubaaqudgha.
  4438 | D:5      | Found a sand-covered staircase.
  4445 | Ossuary  | Entered an ossuary
  4691 | Ossuary  | Reached skill level 5 in Earth Magic
  4753 | Ossuary  | Reached skill level 4 in Stealth
  5008 | D:5      | Reached skill level 5 in Spellcasting
  5008 | D:5      | Reached XP level 8. HP: 48/48 MP: 3/15
  5594 | D:5      | Found a sparkling altar of Nemelex Xobeh.
  5714 | D:5      | Noticed a +0 falchion
  5714 | D:5      | Noticed a +0 spear
  5715 | D:5      | Noticed a +0 short sword
  5718 | D:5      | Noticed a +0 dagger
  5725 | D:5      | Found a hide-covered altar of Uskayaw.
  5853 | D:6      | Reached skill level 5 in Stealth
  5897 | D:6      | Noticed a troll
  5909 | D:6      | Killed a troll
  5910 | D:6      | Reached skill level 6 in Stealth
  6052 | D:6      | Reached skill level 7 in Stealth
  6061 | D:6      | Lost mutation: You are agile. (Dex +4, Str/Int -1) [potion
                  | of mutation]
  6061 | D:6      | Gained mutation: You are agile. (Dex +4, Str/Int -1)
                  | [potion of mutation]
  6061 | D:6      | Gained mutation: Your spells are a little easier to cast,
                  | but a little less powerful. [potion of mutation]
  6061 | D:6      | Gained mutation: You passively map a small area around you.
                  | [potion of mutation]
  6062 | D:6      | Lost mutation: Your spells are a little easier to cast, but
                  | a little less powerful. [potion of mutation]
  6062 | D:6      | Lost mutation: You passively map a small area around you.
                  | [potion of mutation]
  6062 | D:6      | Gained mutation: Your body sometimes deteriorates upon
                  | taking damage. [potion of mutation]
  6172 | D:6      | Reached *** piety under Sif Muna
  6196 | D:6      | Reached XP level 9. HP: 53/53 MP: 11/18
  6265 | D:6      | Found Ceytz's Jewellery Boutique.
  6294 | D:6      | Bought a ring of wizardry for 330 gold pieces
  6553 | D:6      | Reached skill level 1 in Invocations
  6609 | D:6      | Reached skill level 1 in Evocations
  6762 | D:6      | Reached skill level 1 in Air Magic
  7134 | D:7      | Noticed a troll
  7145 | D:7      | Killed a troll
  7146 | D:7      | Reached skill level 8 in Stealth
  7515 | D:7      | Lost mutation: You are agile. (Dex +4, Str/Int -1) [potion
                  | of mutation]
  7515 | D:7      | Lost mutation: Your body sometimes deteriorates upon taking
                  | damage. [potion of mutation]
  7515 | D:7      | Gained mutation: You are clumsy. (Dex -2) [potion of
                  | mutation]
  7515 | D:7      | Gained mutation: You are frail. (-10% HP) [potion of
                  | mutation]
  7953 | D:7      | Found a staircase to the Ecumenical Temple.
  8175 | D:8      | Noticed a two-headed ogre
  8178 | D:8      | Slain by a two-headed ogre

Illustrated notes

Levels and vault maps discovered:
D:1:      lightli_arrival_noodles, layout_loops_ring
D:2:      layout_loops_cross, basic_altar
D:3:      layout_rooms, grunt_temple_overflow_forces_of_nature,
          nicolae_yredelemnul_corpse_copse, uniq_sigmund
D:4:      layout_basic, nicolae_tso_besieged_by_evil
D:5:      layout_gridville, lemuel_coloured_pillars_altar,
          mainiacjoe_overflow_surrounded_room, nicolae_uskayaw_en_pointe,
          enter_ossuary_5, serial_shops, shop
D:6:      layout_loops_ring, serial_demonic, serial_demonic_g, serial_demonic_a,
          serial_demonic_e, serial_demonic_f, serial_shops, shop,
          grunt_ministairs_10, kennysheep_doodads
D:7:      layout_rooms, temple_hall
D:8:      layout_basic, makhleb_blood_cavern_becter, enter_bailey_3

Skill      XL: |  1  2  3  4  5  6  7  8  9 |
---------------+----------------------------+-----
Transmutations | 2 3 4 |  4.0
Spellcasting   | 3 4 5 6 |  6.9
Earth Magic    | 4 5 6 |  6.8
Stealth        | 3 4 7 8 |  8.9
Fighting       | 1 |  1.0
Short Blades   | 1 |  1.0
Dodging        | 3 4 |  4.0
Invocations    | 3 |  3.0
Evocations     | 1 |  1.0
Air Magic      | 2 |  2.0

Action                     |  1- 3 |  4- 6 |  7- 9 || total
---------------------------+-------+-------+-------++-------
  Melee: Short sword       |    20 |     4 |       ||    24
         Constrict         |     8 |     8 |     9 ||    25
         Unarmed           |     1 |       |       ||     1
         Tentacles         |     6 |     7 |    11 ||    24
         Dagger            |       |    15 |    51 ||    66
         Punch             |       |       |     1 ||     1
   Cast: Sandblast         |    42 |    65 |   194 ||   301
         Petrify           |       |     3 |    32 ||    35
  Evoke: Wand              |       |       |    11 ||    11
    Use: Potion            |       |     3 |     3 ||     6
         Scroll            |       |     1 |     4 ||     5
   Stab: Sleeping          |     1 |     2 |     1 ||     4
         Petrified         |       |     3 |    31 ||    34
 Armour: Skin              |     3 |     3 |     6 ||    12
  Dodge: Dodged            |    17 |    21 |   140 ||   178
